 Dungeon Crawl Stone Soup version 0.20.1-1-g8b1a95d (webtiles) character file.

86 Kingsmith the Magician (level 4, 0/24 HPs)
             Began as a Deep Elf Conjurer on Dec 7, 2017.
             Slain by a gnoll
             ... wielding a +0 halberd of protection
              (14 damage)
             ... on level 2 of the Dungeon.
             The game lasted 00:02:03 (991 turns).

Kingsmith the Magician (Deep Elf Conjurer)           Turns: 991, Time: 00:02:04

Health: 0/24       AC:  4    Str:  6    XL:     4   Next: 26%
Magic:  2/14       EV: 13    Int: 20    God:
Gold:   60         SH:  0    Dex: 15    Spells: 9/15 levels left

rFire    . . .     SeeInvis .   g - +0 whip
rCold    . . .     Gourm    .   (no shield)
rNeg     . . .     Faith    .   a - +0 robe
rPois    .         Spirit   .   f - +0 helmet
rElec    .         Reflect  .   p - +0 cloak
rCorr    .         Harm     .   (no gloves)
MR       .....                  (no boots)
Stlth    ++........             (no amulet)
Regen    0.1/turn               (no ring)
MPRegen  0.2/turn               (no ring)

@: no status effects
A: no striking features
a: no special abilities


You were on level 2 of the Dungeon.
You were not hungry.

You visited 1 branch of the dungeon, and saw 2 of its levels.

You collected 60 gold pieces.

Inventory:

Hand Weapons
 g - a +0 whip (weapon)
 j - a +2 whip of venom
 k - a +1 dagger of venom
Armour
 a - a +0 robe (worn)
 f - a +0 helmet (worn)
 p - a +0 cloak (worn)
Jewellery
 o - an uncursed ring of wizardry {unknown}
Scrolls
 e - a scroll of noise {unknown}
 n - 2 scrolls of teleportation {unknown}
Potions
 d - a potion of brilliance {unknown}
 h - a potion of haste {unknown}
 l - a potion of heal wounds {unknown}
Books
 b - a book of Conjurations

   Spells                             Type                      Level
   a - Magic Dart                     Conjuration                  1
   b - Searing Ray                    Conjuration                  2
   c - Dazzling Spray                 Conjuration/Hexes            3
   d - Fulminant Prism                Conjuration/Hexes            4
   e - Force Lance                    Conjuration/Translocation    4
   f - Iskenderun's Mystic Blast      Conjuration                  4
Comestibles
 c - a bread ration
 i - a royal jelly
 m - a chunk of flesh


   Skills:
 - Level 2.4 Dodging
 - Level 2.4 Stealth
 + Level 6.1 Spellcasting
 - Level 4.4 Conjurations


You had 9 spell levels left.
You knew the following spells:

 Your Spells              Type           Power        Failure   Level  Hunger
a - Magic Dart            Conj           ###.         1%          1    None
b - Searing Ray           Conj           ###...       2%          2    None
c - Dazzling Spray        Conj/Hex       ###...       12%         3    ##.....


Dungeon Overview and Level Annotations

Branches:
Dungeon (2/15)

Altars:


Message History

Confirm with . or Enter, or press ? or * to list all spells.
Aiming: Magic Dart
Press: ? - help, Shift-Dir - straight line, f/p - gnoll
Aim: a gnoll, wielding a halberd of protection (lightly wounded)
The magic dart hits the gnoll.
The gnoll is moderately wounded.
The gnoll misses you.
Casting: Magic Dart
Confirm with . or Enter, or press ? or * to list all spells.
Aiming: Searing Ray
Press: ? - help, Shift-Dir - straight line, f/p - gnoll
Aim: a gnoll, wielding a halberd of protection (moderately wounded)
The searing ray misses the gnoll. (Press . to maintain the ray.)
The gnoll hits you from afar with a halberd of protection!
The searing ray hits the gnoll.
The gnoll is moderately wounded.
The gnoll hits you from afar with a halberd of protection!
Ouch! That really hurt!
You die...

#######.###.[.......
#.............#....# #
#.##.........#.#..$. #.
#.##..#.##..#._.#...
#.###.##..#.##...#.#..).
###...........##....#.....
#.###.......####..).......
#..........####..........
#.#....@.g........#.....
#.#...#..#######.##.#..
##...#...# #.# .##(
##.###....# #.# .# .
##...#############.# .#
#................#..
#.#..)#.####.####.#.#
#...#.##.#..+.'..#.#.#
##.....#.#..#.#.⌠#.#


You could see a gnoll.

Vanquished Creatures
  Terence (D:2)
  2 gnolls (D:2)
  An adder (D:2)
  An ooze (D:1)
  A worm (D:1)
  4 bats
  A giant cockroach (D:2)
  3 goblins (D:1)
  5 hobgoblins
  4 jackals (D:1)
  4 kobolds (D:1)
  2 rats
29 creatures vanquished.

Notes
Turn   | Place    | Note
-------+----------+-------------------------------------------
     0 | D:1      | Kingsmith the Deep Elf Conjurer began the quest for the Orb.
     0 | D:1      | Reached XP level 1. HP: 10/10 MP: 6/6
   259 | D:1      | Reached XP level 2. HP: 15/15 MP: 3/8
   266 | D:1      | Learned a level 2 spell: Searing Ray
   302 | D:1      | Reached skill level 4 in Spellcasting
   566 | D:1      | Reached XP level 3. HP: 19/19 MP: 4/11
   632 | D:1      | Learned a level 3 spell: Dazzling Spray
   741 | D:2      | Noticed Terence
   746 | D:2      | Killed Terence
   746 | D:2      | Reached skill level 5 in Spellcasting
   889 | D:2      | Found a faded altar of an unknown god.
   898 | D:2      | Reached XP level 4. HP: 24/24 MP: 4/13
   971 | D:2      | Reached skill level 6 in Spellcasting
   991 | D:2      | Slain by a gnoll

Skill      XL: |  1  2  3  4 |
---------------+-------------+-----
Spellcasting   | 4 5 6 |  6.1
Dodging        | |  2.4
Stealth        | |  2.4
Conjurations   | |  4.4

Action                   |  1- 3 |  4- 6 || total
-------------------------+-------+-------++-------
 Cast: Magic Dart        |    55 |    12 ||    67
       Searing Ray       |     4 |     1 ||     5
Armor: Robe              |     2 |       ||     2
Dodge: Dodged            |     5 |     2 ||     7
